 Dungeon Crawl Stone Soup version 0.31-a0-229-g1fc7ce93e2 (webtiles) character file.

Game seed: 3349540931359581047

84 protoss039 the Digger (level 4, 33/33 HPs)
             Began as a Demonspawn Earth Elementalist on July 6, 2023.
             Got out of the dungeon alive.
             The game lasted 00:03:51 (2774 turns).

protoss039 the Digger (DsEE)                        Turns: 2774, Time: 00:03:52

Health: 33/33      AC:  4    Str:  9    XL:     4   Next: 24%
Magic:  8/8        EV: 17    Int: 24    God:
Gold:   91         SH:  0    Dex: 13    Spells: 2/8 levels left

rFire   . . .        o - +2 dagger (freeze)
rCold   . . .        (no shield)
rNeg    . . .        a - +0 robe
rPois   .            (helmet restricted)
rElec   .            (no cloak)
rCorr   .            (no gloves)
SInv    .            (no boots)
Will    .....        g - amulet of regeneration
Stlth   ++           k - +6 ring of intelligence
HPRegen 1.05/turn    n - +5 ring of evasion
MPRegen 0.11/turn

%: no passive effects
@: no status effects
A: antennae 1, thin metallic scales 1, ignite blood 1
a: no special abilities


You escaped.
You visited 1 branch of the dungeon, and saw 3 of its levels.

You collected 161 gold pieces.
You spent 70 gold pieces at shops.

Inventory:

Hand Weapons
 o - a +2 dagger of freezing (weapon)
Armour
 a - a +0 robe (worn)
 e - a +2 animal skin
Jewellery
 g - an amulet of regeneration (around neck)
 k - a +6 ring of intelligence (left hand)
 n - a +5 ring of evasion (right hand)
Scrolls
 h - a scroll of enchant armour {unknown}
 i - 3 scrolls of identify {unknown}
 j - a scroll of teleportation {unknown}
 m - 3 scrolls of enchant weapon {unknown}
Potions
 b - a potion of magic
 c - 3 potions of enlightenment {unknown}
 d - a potion of lignification {unknown}
 f - 3 potions of heal wounds
 l - 2 potions of curing


   Skills:
 + Level 2.0 Fighting
 - Level 1.7 Dodging
 - Level 1.7 Stealth
 + Level 2.8 Spellcasting
 + Level 0.8 Conjurations
 - Level 0.8 Transmutations
 + Level 3.3 Earth Magic


You had 2 spell levels left.
You knew the following spells:

 Your Spells              Type           Power      Damage    Failure   Level
a - Sandblast             Erth           38%        2d10      2%          1
b - Passwall              Tmut/Erth      10%        N/A       7%          2
c - Stone Arrow           Conj/Erth      26%        3d8       14%         3

Your spell library contained the following spells:

 Spells                   Type           Power      Damage    Failure   Level
 Petrify                  Tmut/Erth      13%        N/A       43%         4


Dungeon Overview and Level Annotations

Branches:
Dungeon (3/15) Zot: 15194

Altars:

Shops:
D:1 [   D:2 !   D:3 !


Innate Abilities, Weirdness & Mutations

You have a pair of small antennae on your head.
You are partially covered in thin metallic scales. (AC +2)
Your demonic aura sometimes causes spilled blood to erupt in flames.


Message History

Aiming: Sandblast (safe; 2% risk of failure)
Press: ? - help, Shift-Dir - straight line, f - Robin
Aim: Robin, wielding a +0 trident, wearing a +2 animal skin and wearing a +0 helmet (moderately wounded, 87% to hit)
The blast of sand hits Robin!
Robin is almost dead.
Robin hits you from afar with a +0 trident.
Robin barely misses you. Robin completely misses you.
You hit Robin but do no damage.
Robin is almost dead.
Robin misses you.
You hit Robin. You freeze Robin.
You kill Robin!
There is an open door here.
Things that are here:
a +0 trident; a +2 animal skin; a +0 helmet
e - a +2 animal skin
Okay, then.
Unknown command.
Things that are here:
a +0 dagger; a +0 dagger
Things that are here:
a +0 club; a kobold skeleton
There is an open door here.
There is an escape hatch in the ceiling here.
A mysterious force pulls you upwards. The hatch slams shut behind you.
There is an escape hatch in the ceiling here.
A mysterious force pulls you upwards. The hatch slams shut behind you.
Things that are here:
3 stones; a +0 short sword Magic restored.
There is a stone staircase leading down here.
There is a shaft here.
You see here 3 stones.
There is an open door here.
There is an open door here.
There is an open door here.
There is a staircase leading out of the dungeon here.
Are you sure you want to leave the Dungeon?
This will make you lose the game!
You have escaped!

#..##.................####.#.#
###..#####...######.....####.#.#
##....####.....#####..>...[......
..∩........>............#######..
.∩∩∩..###....########....# #.#
..∩.#.# #.#..#......#....# #.#
.####.# #.#.##.####.#.#..# #.#
.####.###.#.##.#..#.#.#..# #.#
..##.....#..##.'@.'.#.#..######.#
......###.#^##.#..#.#............
..###.###.#(##'####.#....######.#
.###...##.#..'......#.#### ##.#
..........#..#'######.# #..#
####.##.####...# #.# #.##
#......# ##### #.# #.# #####..###
#.# #.# ..#......# #.# #.#


There were no monsters in sight!

Vanquished Creatures
  Robin (D:3)
  A dart slug (D:3)
  A worm (D:2)
  4 endoplasms
  4 giant cockroaches
  16 goblins
  5 hobgoblins
  11 jackals
  7 kobolds
  A quokka (D:2)
  4 ball pythons
  A bat (D:3)
  A frilled lizard (D:3)
57 creatures vanquished.

Vanquished Creatures (others)
  A goblin (D:3)
1 creature vanquished.

Grand Total: 58 creatures vanquished

Notes
Turn   | Place    | Note
-------+----------+-------------------------------------------
     0 | D:1      | protoss039 the Demonspawn Earth Elementalist began the
                  | quest for the Orb.
     0 | D:1      | Reached XP level 1. HP: 13/13 MP: 3/3
    39 | D:1      | Found Wemn's Antique Armour Shop.
   135 | D:1      | Gained mutation: You are partially covered in thin metallic
                  | scales. (AC +2) [demonic ancestry]
   135 | D:1      | Reached XP level 2. HP: 13/20 MP: 0/5
   164 | D:1      | Reached skill level 1 in Fighting
   216 | D:1      | Reached skill level 3 in Earth Magic
  1042 | D:1      | Learned a level 2 spell: Passwall
  1058 | D:2      | Found Kor Nueck's Distillery.
  1062 | D:2      | Gained mutation: Your demonic aura sometimes causes spilled
                  | blood to erupt in flames. [demonic ancestry]
  1062 | D:2      | Reached XP level 3. HP: 25/26 MP: 2/6
  2016 | D:2      | Learned a level 3 spell: Stone Arrow
  2108 | D:3      | Found Egour's Distillery.
  2117 | D:3      | Bought a potion of heal wounds for 70 gold pieces
  2625 | D:3      | Noticed Robin
  2640 | D:3      | Gained mutation: You have a pair of small antennae on your
                  | head. [demonic ancestry]
  2640 | D:3      | Reached XP level 4. HP: 32/33 MP: 1/8
  2691 | D:3      | Killed Robin
  2774 | D:$      | Got out of the dungeon alive.

Illustrated notes

Levels and vault maps discovered:
D:1:      ncdulo_smallfort, layout_loops_ring, serial_shops,
          nicolae_shop_dealshenge, minmay_misc_feat_alley
D:2:      layout_basic, serial_corexii_hall, chequers_hall_statues_wall_a,
          chequers_hall_statues_corner_a, serial_shops, shop
D:3:      layout_basic, serial_shops, shop, uniq_robin

Skill      XL: |  1  2  3  4 |
---------------+-------------+-----
Fighting       | 1 2 |  2.0
Earth Magic    | 3 |  3.3
Dodging        | |  1.7
Stealth        | |  1.7
Spellcasting   | |  2.8
Conjurations   | |  0.8
Transmutations | |  0.8

Action                     |  1- 3 |  4- 6 || total
---------------------------+-------+-------++-------
  Melee: Short sword       |    66 |     1 ||    67
         Hand axe          |     4 |       ||     4
         Unarmed           |     2 |       ||     2
         Dagger            |       |     7 ||     7
   Cast: Sandblast         |    62 |     7 ||    69
   Stab: Sleeping          |     2 |       ||     2
 Armour: Robe              |    38 |    20 ||    58
  Dodge: Dodged            |    86 |    57 ||   143

Table legend: (Time is in decaauts)
 A = Elapsed time spent in this place.
 B = Non-inter-level travel time spent in this place.
 C = Inter-level travel time spent in this place.
 D = Time resting spent in this place.
 E = Time spent auto-exploring this place.
 F = Levels seen in this place.
 G = Mean time per level.
                   A        B        C        D        E       F      G
               +--------+--------+--------+--------+--------+-----+--------+
         Total |   2806 |   2654 |    152 |     10 |   2233 |   3 |  935.3 |
       Dungeon |   2806 |   2654 |    152 |     10 |   2233 |   3 |  935.3 |
               +--------+--------+--------+--------+--------+-----+--------+

Top non-repeatable levels by time:
     D:1: 1077 daAuts
     D:2: 1023 daAuts
     D:3: 704 daAuts
